 Dungeon Crawl Stone Soup version 0.17-a0-1900-g45e8110 (webtiles) character file.

44 derrpe the Ogre Mage (level 3, -1/31 HPs)
             Began as an Ogre Wizard on Sept 25, 2015.
             Slain by a worm (4 damage)
             ... on level 2 of the Dungeon.
             The game lasted 00:02:26 (2052 turns).

derrpe the Ogre Mage (Ogre Wizard)                  Turns: 2052, Time: 00:02:27

Health: -1/31      AC:  1    Str: 12    XL:     3   Next: 60%
Magic:  1/8        EV:  9    Int: 18    God:
Gold:   70         SH:  0    Dex:  8    Spells: 4 memorised, 2 levels left

rFire  . . .     SeeInvis .     n - +0 spear
rCold  . . .     Clarity  .     a - +0 robe
rNeg   . . .     SustAt   .     (no shield)
rPois  .         Gourm    .     b - +0 hat
rElec  .         Spirit   .     (no cloak)
rCorr  .         Warding  .     (gloves unavailable)
rMut   .         Stasis   .     (boots unavailable)
MR     .....                    (no amulet)
Stlth  +.........               k - ring of invisibility
                                e - -2 ring of protection (curse)

@: not resistant to hostile enchantments, very unstealthy
A: unfitting armour, tough skin 1
a: Evoke Invisibility


You were on level 2 of the Dungeon.
You were hungry.

You visited 1 branch of the dungeon, and saw 2 of its levels.

You collected 70 gold pieces.

Inventory:

Hand weapons
 n - a +0 spear (weapon)
 o - a +0 club
Missiles
 f - 4 large rocks (quivered)
Armour
 a - a +0 robe (worn)
 b - a +0 hat (worn)
Jewellery
 e - a cursed -2 ring of protection (left hand)
 k - a ring of invisibility (right hand)
Scrolls
 h - a scroll of enchant armour {unknown}
 l - a scroll of fog {unknown}
Potions
 g - 2 potions of heal wounds {unknown}
 i - a potion of lignification {unknown}
 m - a potion of curing {unknown}
Books
 c - a book of Minor Magic

   Spells                             Type                      Level
   a - Magic Dart                     Conjuration                  1
   b - Blink                          Translocation                2
   c - Call Imp                       Summoning                    2
   d - Repel Missiles                 Charms/Air                   2
   e - Slow                           Hexes                        2
   f - Conjure Flame                  Conjuration/Fire             3
   g - Mephitic Cloud                 Conjuration/Poison/Air       3
Comestibles
 d - a bread ration {@e1}
 j - a meat ration {@e2}


   Skills:
 - Level 1.7 Dodging
 - Level 1.5 Stealth
 - Level 4.1 Spellcasting
 * Level 2.1 Conjurations
   Level 0.6 Summonings
 - Level 0.6 Translocations
 + Level 0.0 Air Magic
 + Level 0.0 Poison Magic


You had 2 spell levels left.
You knew the following spells:

 Your Spells              Type           Power        Failure   Level  Hunger
a - Magic Dart            Conj           ##..         8%          1    None
b - Blink                 Tloc           N/A          17%         2    ##.....
c - Repel Missiles        Chrm/Air       #.....       21%         2    ##.....
d - Mephitic Cloud        Conj/Pois/Air  #.......     34%         3    ###....


Dungeon Overview and Level Annotations

Branches:
Dungeon (2/15)

Altars:


Innate Abilities, Weirdness & Mutations

You are too large for most types of armour.
You have tough skin (AC +1).


Message History

Confirm with . or Enter, or press ? or * to list all spells.
You don't have enough magic to cast that spell.
Attack whom?
Press: ? - help, Dir - move target cursor, f/p - worm
Aim: a worm (moderately wounded)
You reach to attack!
You hit the worm.
The worm is heavily wounded.
Attack whom?
Press: ? - help, Dir - move target cursor, f/p - worm
Aim: a worm (heavily wounded)
You reach to attack!
You hit the worm.
The worm is heavily wounded.
You hit the worm.
The worm is severely wounded.
You hit the worm.
The worm is almost dead.
The worm bites you!
* * * LOW HITPOINT WARNING * * *
The worm bites you.
You die...

##### ###########
#...####.........#
###...#.............
#.......##......##.#
#...............# .#
#.).....##.)....# .#
###.w.#.##.#.##.# .#
#@..#.##.#.##.# .#
##(##............#
##.#######+#######
#...# ##...# ##....#
##....### #.......+
#....####


You could see a worm.

Vanquished Creatures
  An ooze (D:2)
  2 giant cockroaches (D:1)
  4 goblins
  5 hobgoblins
  3 jackals (D:1)
  5 kobolds
  9 bats (D:1)
  A giant gecko (D:1)
  11 rats (D:1)
41 creatures vanquished.

Notes
Turn   | Place    | Note
--------------------------------------------------------------
     0 | D:1      | derrpe the Ogre Wizard began the quest for the Orb.
     0 | D:1      | Reached XP level 1. HP: 16/16 MP: 5/5
   110 | D:1      | Reached skill level 1 in Conjurations
   455 | D:1      | Reached XP level 2. HP: 24/24 MP: 4/6
   974 | D:1      | Reached skill level 4 in Spellcasting
  1069 | D:1      | Reached XP level 3. HP: 31/31 MP: 8/8
  1806 | D:2      | Learned a level 2 spell: Blink
  1809 | D:2      | Learned a level 2 spell: Repel Missiles
  1813 | D:2      | Learned a level 3 spell: Mephitic Cloud
  2052 | D:2      | Slain by a worm

Vault maps used:
D:1:      scummos_arrival_simple_fountains, st_stairs_10,
          minmay_rat_gold_closets
D:2:      feat_on_display

Action                   || total
-------------------------++-------
Melee: Short sword       ||    78
       Spear             ||    10
 Cast: Magic Dart        ||    66
 Stab: Sleeping          ||     4
  Eat: Chunk             ||     3
